 Dungeon Crawl Stone Soup version 0.26-a0-602-gd42a14c23b (webtiles) character file.

Game seed: 14137384684362693873

11 MrRokkomies the Chiller (level 2, -11/11 HPs)
             Began as a Felid Ice Elementalist on Aug 31, 2020.
             Mangled by a kobold
             ... wielding a +2 whip of electrocution
              (16 damage)
             ... on level 1 of the Dungeon.
             The game lasted 00:01:08 (478 turns).

MrRokkomies the Chiller (Felid Ice Elementalist)     Turns: 478, Time: 00:01:09

Health: -11/11     AC:  1    Str:  4    XL:     2   Next: 13%
Magic:  5/6        EV: 18    Int: 16    God:
Gold:   15         SH:  0    Dex: 16    Spells: 4/5 levels left
                                        Lives:  0   Deaths: 0

rFire    . . .     SeeInvis +   (weapon unavailable)
rCold    . . .     Faith    .   (shield unavailable)
rNeg     . . .     Spirit   .   (armour unavailable)
rPois    .         Reflect  .   (helmet unavailable)
rElec    .         Harm     .   (cloak unavailable)
rCorr    .                      (gloves unavailable)
MR       .....                  (boots unavailable)
Stlth    +++.......             (no amulet)
HPRegen  0.03/turn              (no ring)
MPRegen  0.10/turn              (no ring)

@: quick
A: very small, no armour, no weapons or thrown items, stealth, claws 1, fangs 3,
see invisible, speed 1, shaggy fur 1, sharp paws
a: no special abilities


You were on level 1 of the Dungeon.
You visited 1 branch of the dungeon, and saw 1 of its levels.

You collected 15 gold pieces.

Inventory:

Scrolls
 b - a scroll of fear {unknown}
Potions
 a - a potion of heal wounds {unknown}
 c - a potion of brilliance {unknown}


   Skills:
 * Level 3.1 Dodging
 - Level 2.6 Stealth
 + Level 0.3 Unarmed Combat
 + Level 2.1 Spellcasting
 * Level 3.8 Ice Magic


You had 4 spell levels left.
You knew the following spells:

 Your Spells              Type           Power        Failure   Level
a - Freeze                Ice            ##..         4%          1

Your spell library contained the following spells:

 Spells                   Type           Power        Failure   Level
 Frozen Ramparts          Ice            ##....       13%         3
 Ozocubu's Armour         Ice            ##......     13%         3
 Hailstorm                Conj/Ice       #.......     67%         4
 Summon Ice Beast         Ice/Summ       #.......     67%         4


Dungeon Overview and Level Annotations

Branches:
Dungeon (1/15)

Altars:


Innate Abilities, Weirdness & Mutations

You cannot wear armour.
You are incapable of wielding weapons or throwing items.
Your paws allow you to move quietly. (Stealth)
You have sharp claws.
You have razor-sharp teeth.
You have supernaturally acute eyesight. (SInv)
You cover ground quickly.
You are covered in fur. (AC +1)
Your sharp claws are effective at attacking unaware monsters.


Message History

A hobgoblin comes into view.
You see here 11 gold pieces.
You now have 15 gold pieces (gained 11).
The hobgoblin shouts!
You hear a shout!
A kobold comes into view. It is wielding a +0 whip.
A kobold comes into view.
It is wielding a +2 whip of electrocution.
The hobgoblin closely misses you.
The kobold shouts!
Casting: Freeze (safe; 4% risk of failure)
Confirm with . or Enter, or press ? or * to list all spells.
Aiming: Freeze (safe; 4% risk of failure)
Press: ? - help, Shift-Dir - straight line, f - hobgoblin
Aim: a hobgoblin You freeze the hobgoblin.
You kill the hobgoblin!
The kobold hits you with a +2 whip of electrocution.
Ouch! That really hurt!
You are electrocuted!
Ouch! That really hurt!
You die...

#. #. #. #. #.###########
######.#.........# .S
......K#.#######.# #.#..
#.@.#######.##### #.#>)
..S..................# ####.#.#
.........[....#†.....###
..(....#
####K#.######.#.........
.......# ...#.# #.#.#....###
#..(########.# #.#.######
.#.........†..# #.#.# #
#.#.#.#######..######.#.########
#.#.#.............[.............


You could see a ball python and 2 kobolds.

Vanquished Creatures
  A dart slug (D:1)
  A hobgoblin (D:1)
  2 bats (D:1)
  3 frilled lizards (D:1)
  5 rats (D:1)
12 creatures vanquished.

Notes
Turn   | Place    | Note
-------+----------+-------------------------------------------
     0 | D:1      | MrRokkomies the Felid Ice Elementalist began the quest for
                  | the Orb.
     0 | D:1      | Reached XP level 1. HP: 7/7 MP: 4/4
   377 | D:1      | Reached XP level 2. HP: 11/11 MP: 4/6
   478 | D:1      | Mangled by a kobold

Illustrated notes

Levels and vault maps discovered:
D:1:      tarquinn_simple_flora_water_e, layout_basic

Skill      XL: |  1 |
---------------+----+-----
Dodging        | 3 |  3.1
Stealth        | |  2.6
Unarmed Combat | |  0.3
Spellcasting   | |  2.1
Ice Magic      | |  3.8

Action                   || total
-------------------------++-------
Melee: Unarmed           ||     2
 Cast: Freeze            ||    13
 Stab: Sleeping          ||     1
Armor: Skin              ||     2
Dodge: Dodged            ||     8

Table legend: (Time is in decaauts)
 A = Elapsed time spent in this place.
 B = Non-inter-level travel time spent in this place.
 C = Inter-level travel time spent in this place.
 D = Time resting spent in this place.
 E = Time spent auto-exploring this place.
 F = Levels seen in this place.
 G = Mean time per level.
                   A        B        C        D        E       F      G
               +--------+--------+--------+--------+--------+-----+--------+
         Total |    412 |    412 |      0 |     29 |    319 |   1 |  412.0 |
       Dungeon |    412 |    412 |      0 |     29 |    319 |   1 |  412.0 |
               +--------+--------+--------+--------+--------+-----+--------+

Top non-repeatable levels by time:
     D:1: 412 daAuts
